AoeStats
← Pingocho

Pilgrims

507791406Analyzed
2v2 RM · 11d ago on Sep 19, 2026· 39m 48s· 4 players
Game mode
Random Map
Map size
Medium (4 player)
Population
200
Speed
Normal
Resources
Standard
Victory
Conquest
Starting age
Dark Age
Ending age
Imperial Age
RankedLock teamsTeams togetherTeam positionsShared explorationLock speedFull tech treeHidden civsTurbo modeCheats
Victory
Defeat
🇧🇪 Magyars · Belgium
1413
+14
🇹🇷 Italians · Türkiye
1392
+15
🇦🇷 Ethiopians · Argentina
1391
-15
🇦🇷 Huns · Argentina
1353
-14
Pingocho
9:05 Loom
11:27 Feudal Age
12:45 Fishing Lines
15:15 Castle Age
13:13 Double-Bit Axe
14:03 Bloodlines
14:00 Scale Barding Armor
14:37 Horse Collar
16:17 Chain Barding Armor
17:07 Husbandry
17:19 Forging
18:58 Gold Mining
27:21 Stone Mining
29:05 Fletching
30:36 Heavy Plow
36:35 Imperial Age
38:00 Plate Barding Armor
36:59 Cavalier
39:14 Iron Casting
PELUCHE
10:18 Loom
12:36 Feudal Age
17:59 Castle Age
16:03 Fletching
18:37 Bodkin Arrow
18:07 Crossbowman
22:20 Double-Bit Axe
29:36 Ballistics
33:59 Padded Archer Armor
34:05 Horse Collar
36:21 Leather Archer Armor
37:59 Elite Skirmisher
The Legacy
7:01 Loom
12:30 Feudal Age
17:34 Fletching
17:50 Scale Barding Armor
20:21 Castle Age
20:50 Bloodlines
21:30 Chain Barding Armor
27:59 Double-Bit Axe
36:40 Husbandry
36:32 Horse Collar
37:10 Bow Saw
37:41 Heavy Plow
40:00 Wheelbarrow
39:11 Town Watch
Cacko
8:04 Loom
8:33 Loom
11:02 Feudal Age
14:46 Castle Age
12:36 Double-Bit Axe
13:01 Gold Mining
13:01 Fishing Lines
15:38 Medium Warships
15:44 Bow Saw
16:16 Wheelbarrow
16:02 Gillnets
17:22 Fletching
18:12 Crossbowman
21:25 Bodkin Arrow
23:02 Thumb Ring
26:03 Ballistics
33:18 Imperial Age
33:41 Arbalester
35:27 Chemistry
35:03 Stone Mining
35:51 Padded Archer Armor
37:04 Conscription
38:51 Bracer
39:06 Leather Archer Armor
Connection lost

Rejoining the realm…

Still unreachable

The connection could not be restored.

Session expired

The server has moved on; the page needs a fresh start.